 Dungeon Crawl Stone Soup version 0.30-a0-137-gd8773701ce (webtiles) character file.

Game seed: 2548267437355493501

3290 purpskrrrp the Cleaver (level 10, -3/86 HPs)
             Began as a Hill Orc Fighter on Sept 22, 2022.
             Was an Initiate of Gozag.
             Slain by a vault guard
             ... wielding a +0 broad axe
              (16 damage)
             ... in a bailey.
             The game lasted 00:25:55 (6414 turns).

purpskrrrp the Cleaver (Hill Orc Fighter)           Turns: 6414, Time: 00:25:55

Health: -3/86      AC: 12    Str: 28    XL:     10   Next: 1%
Magic:  10/10      EV:  9    Int:  8    God:    Gozag
Gold:   81         SH:  5    Dex: 10    Spells: 9/9 levels left

rFire   + + +      SeeInvis +    w - +7 spear "Orij" {freeze, Will+ Str+4 SInv Stlth+}
rCold   . . .      Faith    .    c - +0 buckler
rNeg    . . .      Spirit   .    l - +0 fire dragon scales
rPois   +          Reflect  .    (no helmet)
rElec   +          Harm     .    E - +1 cloak
rCorr   +          Rampage  .    (no gloves)
Will    ++...                    (no boots)
Stlth   ..........               g - amulet of regeneration
HPRegen 1.04/turn                j - ring of flight
MPRegen 0.12/turn                r - ring of willpower

@: resistant, flying, hasted, very quick
A: no striking features
a: Renounce Religion, Potion Petition, Call Merchant, Bribe Branch


You were in a bailey.
You worshipped Gozag.
Gozag was noncommittal.
You visited 1 branch of the dungeon, and saw 7 of its levels.
You also visited: Bailey.

You collected 1792 gold pieces.
You spent 184 gold pieces at shops.
You paid 1527 gold pieces to Gozag.

Inventory:

Hand Weapons
 a - a +4 war axe of protection
 k - a +0 broad axe
 w - the +7 spear "Orij" (weapon) {freeze, Will+ Str+4 SInv Stlth+}
   (You bought it in a shop on level 4 of the Dungeon)

   It freezes those it strikes, dealing additional cold damage.
   It can also slow down cold-blooded creatures.
   Str:       It affects your strength (+4).
   SInv:      It lets you see invisible.
   Will:      It increases your willpower.
   Stlth:     It makes you more stealthy.
Missiles
 q - 4 throwing nets
Armour
 b - a +0 scale mail
 c - a +0 buckler (worn)
 l - +0 fire dragon scales (worn)
 n - a +1 plate armour
 s - a scarf of invisibility
 x - a +0 cloak
 E - a +1 cloak (worn)
Jewellery
 g - an amulet of regeneration (around neck)
 j - a ring of flight (left hand)
 p - a ring of magical power
 r - a ring of willpower (right hand)
Wands
 o - a wand of mindburst (17)
 u - a wand of paralysis (4)
 D - a wand of flame (13) (quivered)
Scrolls
 d - a scroll of magic mapping
 i - 4 scrolls of teleportation
 y - 2 scrolls of immolation
Potions
 e - 2 potions of curing
 f - 2 potions of flight
 h - a potion of lignification
 t - a potion of ambrosia
 z - 2 potions of brilliance


   Skills:
 + Level 7.4 Fighting
 * Level 10.3(10.9) Axes
 + Level 4.6(7.2) Polearms
 + Level 6.9 Armour
 + Level 6.8 Shields
 + Level 4.4 Evocations


You had 9 spell levels left.
You didn't know any spells.
Your spell library contained the following spells:

 Spells                   Type           Power      Damage    Failure   Level
 Ensorcelled Hibernation  Hex/Ice        0%         N/A       89%         2
 Call Canine Familiar     Summ           0%         N/A       98%         3
 Dazzling Flash           Conj/Hex       0%         N/A       98%         3
 Portal Projectile        Hex/Tloc       0%         N/A       98%         3
 Spider Form              Tmut/Pois      0%         N/A       98%         3
 Anguish                  Hex/Necr       0%         N/A       100%        4
 Iskenderun's Mystic Bla  Conj/Tloc      0%         2d3       100%        4
 Leda's Liquefaction      Hex/Erth       0%         N/A       100%        4
 Passage of Golubria      Tloc           0%         N/A       100%        4
 Silence                  Hex/Air        0%         N/A       100%        5
 Starburst                Conj/Fire      0%         6d3       100%        6
 Lehudib's Crystal Spear  Conj/Erth      0%         10d2      100%        8
 Chain Lightning          Conj/Air       0%         N/A       100%        9
 Fire Storm               Conj/Fire      0%         5d1       100%        9
 Shatter                  Erth           0%         3d5*      100%        9


Dungeon Overview and Level Annotations

Branches:
Dungeon (7/15)             Temple (0/1) D:6          Bailey (1/1)

Altars:
Dithmenos
Gozag
Trog
Uskayaw
Wu Jian
Xom
Zin
The Shining One

Shops:
D:4 (

Annotations:
Bailey Prince Ribbit


Message History

Prince Ribbit is no longer paralysed.
The vault guard hits you with a +0 broad axe.
* * * LOW HITPOINT WARNING * * *
You puncture the vault guard! You freeze the vault guard.
The vault guard is heavily wounded.
You hit the vault guard. You freeze the vault guard.
The vault guard is heavily wounded.
The vault guard barely misses you.
Prince Ribbit catches a millipede with his tongue.
You hit the vault guard but do no damage.
The vault guard is heavily wounded.
The vault guard hits you with a +0 broad axe!
* * * LOW HITPOINT WARNING * * *
[a] - 725 gold - lignification, might, resistance, brilliance and magic [b] - 336 gold - invisibility and might [c] - 500 gold - haste and resistance Purchase which effect?
You no longer have enough gold to petition Gozag for potion effects.
You feel yourself speed up.
You feel protected. The vault guard barely misses you.
You hit the vault guard but do no damage.
The vault guard is heavily wounded.
The vault guard hits you but does no damage.
You hit the vault guard but do no damage.
The vault guard is heavily wounded.
You flicker back into view.
You hit the vault guard. You freeze the vault guard.
The vault guard is heavily wounded.
Prince Ribbit blinks!
The vault guard hits you with a +0 broad axe.
* * * LOW HITPOINT WARNING * * *
You hit the vault guard. You freeze the vault guard.
The vault guard is severely wounded.
You hit the vault guard. You freeze the vault guard.
The vault guard is severely wounded.
Prince Ribbit hits you but does no damage.
The vault guard hits you with a +0 broad axe!
You die...
Your body crumbles into a pile of gold.

##....#≈~≈≈~))≈#..~##
##..##≈~~~).~≈#...~#
##.#≈~~~...~≈##..~##
###≈~~~.~..~≈#~..~#
#≈~~~...~~≈##~..#
#≈~~~....~~≈###[#
#≈~~~......~≈≈≈.#
##≈~~...F......##
#≈~~...@...~~~#
##≈~~##p##~~~## ##≈#
...##~## ## .....###
#..∩..# #.....#
#.....# #!!.!)# $


You could see a vault guard and Prince Ribbit.

Vanquished Creatures
  A vault guard (Bailey)
  6 humans (Bailey)
  Menkaure (D:6)
  A water moccasin (D:7)
  An ogre (D:5)
  A black bear (D:5)
  A kobold brigand (D:6)
  A necrophage (D:5)
  8 bullfrogs
  A scorpion (D:5)
  2 howler monkeys
  A vampire bat (D:4)
  A hound (D:5)
  5 orc priests
  Crazy Yiuf (D:5)
  2 iguanas
  An orc wizard (D:5)
  11 gnolls
  6 adders
  2 shadow imps (D:6)
  2 worms (D:3)
  A dart slug (D:1)
  3 fire bats (D:4)
  18 orcs
  2 spectral bats (D:4)
  6 ball pythons
  3 bat skeletons (D:4)
  A bat zombie (D:4)
  5 endoplasms
  4 giant cockroaches
  14 goblins
  8 hobgoblins
  10 jackals
  4 quokkas
  16 bats
  A bat simulacrum (D:4)
  2 frilled lizards (D:3)
  7 kobolds
  6 rats
  A spectral hobgoblin (D:2)
168 creatures vanquished.

Vanquished Creatures (others)
  A jackal (D:5)
1 creature vanquished.

Grand Total: 169 creatures vanquished

Notes
Turn   | Place    | Note
-------+----------+-------------------------------------------
     0 | D:1      | purpskrrrp the Hill Orc Fighter began the quest for the
                  | Orb.
     0 | D:1      | Reached XP level 1. HP: 19/19 MP: 1/1
   236 | D:1      | Reached skill level 3 in Axes
   236 | D:1      | Reached XP level 2. HP: 27/27 MP: 2/2
   553 | D:1      | Reached XP level 3. HP: 33/33 MP: 3/3
  1032 | D:2      | Found a faded altar of an unknown god.
  1227 | D:2      | Reached XP level 4. HP: 40/40 MP: 4/4
  1279 | D:2      | Reached skill level 4 in Axes
  1933 | D:3      | Reached XP level 5. HP: 34/47 MP: 5/5
  2313 | D:4      | Reached skill level 5 in Axes
  2369 | D:4      | Reached XP level 6. HP: 51/51 MP: 6/6
  2420 | D:4      | Reached skill level 5 in Fighting
  2611 | D:4      | Found a glowing golden altar of the Shining One.
  2615 | D:4      | Found a bloodstained altar of Trog.
  2649 | D:4      | Reached skill level 6 in Axes
  2707 | D:4      | Found an opulent altar of Gozag.
  2925 | D:4      | Found a shimmering altar of Xom.
  2928 | D:4      | Found a hide-covered altar of Uskayaw.
  2957 | D:4      | Became a worshipper of Gozag Ym Sagoz the Greedy
  3179 | D:4      | Found an ornate altar of the Wu Jian Council.
  3588 | D:4      | Identified a scroll of acquirement
  3599 | D:4      | Acquired 1028 gold pieces
  3744 | D:4      | Bought a smoking spear for 184 gold pieces
  3744 | D:4      | Identified the +7 spear "Orij" {freeze, Will+ Str+4 SInv
                  | Stlth+} (You bought it in a shop on level 4 of the Dungeon)
  3767 | D:5      | Entered Level 5 of the Dungeon
  3767 | D:5      | Noticed a black bear
  3775 | D:5      | Killed a black bear
  3776 | D:5      | Reached XP level 7. HP: 60/61 MP: 7/7
  3963 | D:5      | Reached skill level 1 in Polearms
  4034 | D:5      | Reached skill level 1 in Evocations
  4113 | D:5      | Reached skill level 5 in Armour
  4116 | D:5      | Reached skill level 5 in Shields
  4179 | D:5      | Found a runed translucent door.
  4180 | D:5      | Noticed Crazy Yiuf
  4339 | D:5      | Reached skill level 7 in Axes
  4429 | D:5      | Reached XP level 8. HP: 49/70 MP: 8/8
  5206 | D:5      | Killed Crazy Yiuf
  5357 | D:6      | Found a glowing silver altar of Zin.
  5438 | D:6      | Found a staircase to the Ecumenical Temple.
  5651 | D:6      | Found a shadowy altar of Dithmenos.
  5678 | D:6      | Noticed Menkaure
  5691 | D:6      | Killed Menkaure
  5819 | D:6      | Reached skill level 8 in Axes
  6106 | D:7      | Found a flagged portal.
  6132 | Bailey   | Entered a bailey
  6159 | Bailey   | Reached XP level 9. HP: 21/78 MP: 9/9
  6196 | Bailey   | Reached skill level 9 in Axes
  6248 | Bailey   | Noticed a vault guard
  6271 | Bailey   | Killed a vault guard
  6272 | Bailey   | Reached skill level 10 in Axes
  6354 | Bailey   | Reached XP level 10. HP: 81/86 MP: 10/10
  6386 | Bailey   | Noticed Prince Ribbit
  6386 | Bailey   | Noticed a vault guard
  6414 | Bailey   | Slain by a vault guard

Illustrated notes

Levels and vault maps discovered:
D:1:      dpeg_arrival_pits, layout_basic, minivault_5
D:2:      layout_rooms, dreamdust_ecumenical_altar_drowned_temple
D:3:      layout_basic, minmay_randomly_rotated_circles
D:4:      layout_layer_cave, mainiacjoe_overflow_alcove_1,
          nicolae_overflow_hidden_temple, grunt_gozag_statues, goddamned_bats
D:5:      layout_layer_cave, lemuel_flamethrower_2, uniq_crazy_yiuf_cottage
D:6:      layout_cave_pools, nicolae_dithmenos_the_darkroom,
          overflow_temple_1_default, minmay_temple_entry_hall,
          grunt_decor_resistance, uniq_menkaure
D:7:      layout_basic, enter_bailey_5
Bailey:   bailey_axe_froggy_fort_hellmonk, bailey

Skill      XL: |  1  2  3  4  5  6  7  8  9 |
---------------+----------------------------+-----
Axes           | 3 4 5 6 7 8 10 | 10.3
Fighting       | 4 5 6 7 |  7.4
Shields        | 4 5 6 |  6.8
Armour         | 4 5 6 |  6.9
Polearms       | 1 3 4 |  4.6
Evocations     | 1 3 4 |  4.4

Action                   |  1- 3 |  4- 6 |  7- 9 | 10-12 || total
-------------------------+-------+-------+-------+-------++-------
Melee: War axe           |    81 |   138 |       |       ||   219
       Spear             |       |     4 |   210 |    21 ||   235
Invok: Call Merchant     |       |     1 |       |       ||     1
       Potion Petition   |       |       |       |     2 ||     2
Evoke: Wand              |       |     4 |     2 |     5 ||    11
  Use: Scroll            |     7 |    10 |     8 |       ||    25
       Potion            |       |     1 |     8 |       ||     9
Armor: Scale mail        |    26 |       |       |       ||    26
       Plate armour      |    23 |   122 |       |       ||   145
       Fire dragon scale |       |     4 |    38 |     2 ||    44
Dodge: Dodged            |    33 |    47 |    49 |     2 ||   131
Block: Buckler           |    19 |    32 |    33 |     3 ||    87

Table legend: (Time is in decaauts)
 A = Elapsed time spent in this place.
 B = Non-inter-level travel time spent in this place.
 C = Inter-level travel time spent in this place.
 D = Time resting spent in this place.
 E = Time spent auto-exploring this place.
 F = Levels seen in this place.
 G = Mean time per level.
                   A        B        C        D        E       F      G
               +--------+--------+--------+--------+--------+-----+--------+
         Total |   6437 |   6010 |    427 |    355 |   4395 |   8 |  804.6 |
       Dungeon |   6196 |   5769 |    427 |    355 |   4331 |   7 |  885.1 |
        Bailey |    241 |    241 |      0 |      0 |     64 |   1 |  241.0 |
               +--------+--------+--------+--------+--------+-----+--------+

Top non-repeatable levels by time:
     D:5: 1464 daAuts
     D:4: 1462 daAuts
     D:1: 1044 daAuts
     D:3: 900 daAuts
     D:6: 782 daAuts
     D:2: 494 daAuts
  Bailey: 241 daAuts
     D:7: 47 daAuts
